 Dungeon Crawl Stone Soup version 0.20-a0-2-g2b0e13a (webtiles) character file.

384826 TheGoonsmith the Executioner (level 21, -20/205 HPs)
             Began as a Minotaur Berserker on Oct 29, 2016.
             Was the Champion of Trog.
             Killed from afar by a deep elf annihilator (48 damage)
             ... with a crystal spear
             ... on level 3 of the Elven Halls.
             The game lasted 01:38:20 (52803 turns).

TheGoonsmith the Executioner (Minotaur Berserker)  Turns: 52803, Time: 01:38:21

Health: -20/205    AC: 37    Str: 24    XL:     21   Next: 97%
Magic:  27/27      EV: 20    Int:  4    God:    Trog [******]
Gold:   1173       SH:  5    Dex: 23    Spells: 0 memorised, 20 levels left

rFire  + . .     SeeInvis .     a - +4 executioner's axe (freeze)
rCold  + . .     Gourm    .     n - +8 plate armour {rC+}
rNeg   . . .     Faith    .     (shield currently unavailable)
rPois  .         Spirit   .     B - -2 hat of the Suburbs {Regen+ Dex+5} (curse)
rElec  .         Reflect  +     y - +2 cloak {MR+}
rCorr  .         Harm     .     E - +2 pair of gloves
MR     +++++     Clarity  +     z - +2 pair of boots
Stlth  ..........               H - +5 amulet of reflection
                                b - ring of protection from magic
                                G - ring of protection from fire

@: about to teleport, regenerating
A: retaliatory headbutt, horns 2, clarity, subdued magic 2
a: Berserk, Trog's Hand, Brothers in Arms, Burn Spellbooks, Renounce Religion
}: 2/15 runes: decaying, gossamer


You were on level 3 of the Elven Halls.
You worshipped Trog.
Trog was exalted by your worship.
You were near starving.

You visited 7 branches of the dungeon, and saw 38 of its levels.
You visited the Abyss 2 times.
You visited 1 bazaar.
You also visited: Ice Cave.

You collected 4944 gold pieces.
You spent 3771 gold pieces at shops.

Inventory:

Hand Weapons
 a - a +4 executioner's axe of freezing (weapon)
 Q - a +3 antimagic executioner's axe
Missiles
 V - 3 throwing nets (quivered)
Armour
 n - a +8 plate armour of cold resistance (worn)
 y - a +2 cloak of magic resistance (worn)
 z - a +2 pair of boots (worn)
 B - the cursed -2 hat of the Suburbs (worn) {Regen+ Dex+5}
   (You bought it in a shop in a bazaar)

   It affects your dexterity (+5).
   It increases your rate of regeneration.
   It has a curse placed upon it.
 E - a +2 pair of gloves (worn)
Jewellery
 b - a ring of protection from magic (right hand)
 A - the ring of Butor {rF- rC+ rN+++ Str+3 Dex+4}
   (You acquired it on level 2 of the Orcish Mines)

   [ring of strength]

   It affects your strength (+3).
   It affects your dexterity (+4).
   It makes you vulnerable to fire.
   It protects you from cold.
   It renders you almost immune to negative energy.
 G - a ring of protection from fire (left hand)
 H - a +5 amulet of reflection (around neck)
Wands
 e - a wand of heal wounds (0/9)
 k - a wand of acid (6/15)
 t - a wand of lightning (6/15)
 x - a wand of acid (5/15)
 C - a wand of enslavement (12/24)
 D - a wand of teleportation (3/9)
 F - a wand of digging (8/24)
 O - a wand of paralysis (9/24)
Scrolls
 d - 18 scrolls of teleportation
 i - a scroll of silence
 l - 4 scrolls of recharging
 o - a scroll of summoning
 p - 34 scrolls of remove curse
 r - 7 scrolls of identify
 s - 3 scrolls of blinking
 u - 4 scrolls of fog
 I - 5 scrolls of fear
 L - 3 scrolls of magic mapping
Potions
 f - 9 potions of curing
 g - 4 potions of agility
 j - 3 potions of invisibility
 m - 2 potions of might
 v - 6 potions of haste
 J - 2 potions of berserk rage
 M - 6 potions of ambrosia
 N - 6 potions of flight
 Z - 5 potions of resistance
Miscellaneous
 h - a phial of floods
 q - a box of beasts
 W - 4 sacks of spiders
 Y - a lamp of fire
Comestibles
 c - 11 bread rations
 R - 13 slices of pizza


   Skills:
 + Level 21.5 Fighting
 - Level 26.0 Axes
 + Level 21.0 Armour
 + Level 16.4 Dodging
 - Level 10.0 Evocations


You had 20 spell levels left.
You didn't know any spells.

Dungeon Overview and Level Annotations

Branches:
Dungeon (15/15)            Temple (0/1) D:7            Lair (6/6) D:8
  Swamp (4/4) Lair:3       Spider (4/4) Lair:4        Slime (0/5) Lair:5
    Orc (2/2) D:9             Elf (3/3) Orc:2        Vaults (4/5) D:14
  Crypt (0/3) Vaults:2     Depths (0/5) D:15

Altars:
Cheibriados
Dithmenos
Elyvilon
Gozag
Makhleb
Nemelex Xobeh
Ru
Yredelemnul
Beogh
Jiyva

Shops:
D:4 :   D:7 [   D:9 (   D:14 (   Orc:2 }[%?   Elf:1 *   Elf:3 *   Vaults:3 [

Portals:
Pandemonium: Orc:2
Trove: D:14 (give 17 potions of curing)

Annotations:
D:6 1 runed door


Innate Abilities, Weirdness & Mutations

You reflexively headbutt those who attack you in melee.
You have a pair of horns on your head.
You possess an exceptional clarity of mind.
Your spells are easier to cast, but less powerful.


Message History

Okay, then.
You feel much better.
The deep elf sorcerer hits you but does no damage.
The deep elf annihilator casts a spell at you.
The bolt of lightning hits you!
* * * LOW HITPOINT WARNING * * *
The deep elf sorcerer misses you. You furiously retaliate!
You headbutt the deep elf sorcerer!
The deep elf archer shoots an arrow.
The arrow barely misses you.
A mace of distortion comes into view.
You slice the deep elf annihilator!! You freeze the deep elf annihilator!
The deep elf annihilator is severely wounded.
You chop the deep elf sorcerer into pieces!!!
You freeze the deep elf sorcerer.
You kill the deep elf sorcerer!
Trog accepts your kill.
Trog appreciates your killing of a magic user.
The deep elf annihilator points at you and mumbles some strange words.
The crystal spear hits you!
You die...

.................................
.................................
.................................
.................................
≈≈≈≈≈≈≈≈≈≈≈≈≈..≈≈≈≈≈≈≈≈≈≈≈≈≈≈≈≈≈≈
≈≈≈≈≈≈≈≈≈≈≈≈e..≈≈≈≈≈≈≈≈≈≈≈≈≈≈≈≈≈≈
#############'(##################
.................(...............
.........(^...xe@()..............
###############e##########'####'#
......#.......e..#..........#....
......'.......1e((..........'....
......#........[e#(.e.......#....
################)e###############
****** #e.# ****** ***,,,,***
#ee# ***,,,,** ,,,,,,,,,* #ee#
*,,,,,,,,


You could see a Tzitzimitl, a deep elf annihilator, a deep elf demonologist, a
deep elf archer, 2 deep elf high priests, a mace of distortion and a crawling
corpse.

Vanquished Creatures
  Sojobo (Vaults:2)
  Margery (Vaults:2)
  Nikola (Vaults:2)
  A lich (Abyss:2)
  A tentacled monstrosity (Swamp:4)
  A deep elf blademaster (Elf:3)
  A deep elf master archer (Elf:3)
  A sphinx (Vaults:4)
  2 tentacled starspawn (Abyss:3)
  4 tengu reavers
  A thorn hunter (Swamp:1)
  A revenant (Abyss:3)
  Roxanne (Elf:2)
  Donald (Orc:2)
  9 deep elf sorcerers
  A daeva (Abyss:3)
  2 vault wardens
  2 ghost moths (Spider:4)
  A frost giant (Vaults:4)
  9 emperor scorpions
  A ghoul (Vaults:2)
  13 ironheart preservers
  The ghost of hoot the Swashbuckler, a journeyman HaHu of Okawaru (Elf:1)
  7 very ugly things
  7 stone giants
  10 entropy weavers
  Nessos (Orc:2)
  19 starcursed masses (Abyss:2)
  7 deep elf demonologists
  6 deep elf annihilators
  A lorocyproca (Abyss:2)
  A white draconian (Abyss:3)
  An ettin (D:14)
  Snorg (Lair:6)
  A deep elf death mage (Elf:3)
  Josephine (D:10)
  4 fire dragons
  2 green deaths (Swamp:4)
  4 great orbs of eyes
  A deep elf high priest (Vaults:4)
  9 yaktaur captains
  The ghost of Magifyre the Grappler, a journeyman TrFi of the Shining One (D:10)
  2 vault guards (Vaults:2)
  3 ghost crabs
  Harold (Lair:1)
  2 ice dragons
  A rakshasa (D:15)
  21 hydras
  Erica (D:9)
  7 alligators
  A queen ant (Spider:1)
  The ghost of Ryco the Cleaver, a novice MiBe of Trog (Orc:2)
  15 ogre magi
  8 centaur warriors
  4 death yaks (Lair:2)
  A satyr (Abyss:3)
  3 thrashing horrors
  24 dancing weapons
  4 orc high priests (Orc:2)
  A soul eater (Orc:2)
  Nergalle (D:10)
  Sonja (Orc:2)
  4 large abominations
  25 deep elf knights
  2 wretched stars (Abyss:2)
  5 hell knights (Vaults:2)
  A fire crab (shapeshifter) (Elf:1)
  An iron troll (D:14)
  A death drake (shapeshifter) (Vaults:1)
  A shadow wraith (Vaults:4)
  A storm dragon skeleton (Vaults:4)
  A spatial maelstrom (Abyss:3)
  6 skeletal warriors
  2 sixfirhies
  A shadow demon (Abyss:3)
  25 slime creatures
  A glowing orange brain (Abyss:3)
  An infernal demonspawn (Orc:2)
  9 swamp dragons
  2 unseen horrors
  17 deep elf archers
  2 shambling mangroves
  3 deep trolls (Vaults:3)
  8 wizards
  3 hill giants
  15 ironbrand convokers
  An obsidian statue (Vaults:2)
  19 orc knights
  2 stone giant zombies (Vaults:4)
  37 wolf spiders
  4 necromancers
  5 manticores
  8 orc sorcerers
  74 deep elf magi
  14 orb spiders
  6 cyclopes
  2 salamanders (shapeshifter) (Vaults:3)
  25 ugly things
  A black mamba (shapeshifter) (Vaults:1)
  12 elephants (Lair:6)
  A worldbinder (Abyss:2)
  A black mamba (Lair:2)
  9 vault sentinels
  2 moths of wrath
  Maurice (D:10)
  A guardian serpent (shapeshifter) (Vaults:4)
  A rust devil (Abyss:3)
  Psyche (D:10)
  6 orange demons
  2 ice statues (IceCv)
  A gargoyle (D:15)
  A torpor snail (Spider:3)
  A smoke demon (Abyss:2)
  19 spiny frogs
  10 komodo dragons
  3 spiny frogs (shapeshifter)
  2 kobold demonologists
  7 rime drakes
  18 yaktaurs
  A rime drake (shapeshifter) (Vaults:3)
  25 demonic crawlers
  10 ice devils
  A tengu conjurer (Elf:1)
  4 freezing wraiths
  A tormentor (Elf:2)
  3 ancient zymes
  4 trolls
  36 jumping spiders
  4 polar bears (Lair:6)
  23 two-headed ogres
  A raiju (shapeshifter) (Vaults:2)
  Grinder (D:5)
  4 tyrant leeches
  18 hornets
  5 raiju
  5 dream sheep (Lair:6)
  14 hippogriffs
  12 bog bodies
  4 blink frogs
  79 redbacks
  3 shadows
  2 air elementals
  A flying skull (Vaults:2)
  16 spriggans
  28 tarantellas
  7 wraiths
  A human (D:10)
  A water elemental (Elf:1)
  6 wyverns
  2 basilisks
  7 ynoxinuls
  3 fire elementals
  A yak (shapeshifter) (Vaults:3)
  Grum (D:8)
  30 yaks
  4 hogs (D:10)
  A chaos spawn (Abyss:3)
  4 hungry ghosts
  3 neqoxecs (Abyss:2)
  A hog (shapeshifter) (Abyss:2)
  25 vampire mosquitoes
  9 wargs
  3 mottled dragons
  7 soldier ants
  22 swamp worms
  9 insubstantial wisps
  A spiny frog zombie (Abyss:2)
  12 water moccasins
  A hell hound (shapeshifter) (Vaults:3)
  4 small abominations
  7 swamp drakes
  5 porcupines
  A hornet zombie (D:5)
  5 sky beasts
  23 ice beasts
  43 orc warriors
  3 eyes of draining
  63 ogres
  6 black bears
  27 boggarts
  26 wolves
  A phantom (D:14)
  2 necrophages
  28 centaurs
  21 crocodiles
  6 big kobolds
  3 earth elementals
  A gnoll sergeant (D:9)
  14 bullfrogs
  6 scorpions
  7 killer bees
  17 wights
  7 electric eels
  9 crimson imps
  A bullfrog zombie (D:5)
  2 howler monkeys
  3 centaur zombies
  3 quasits
  6 hounds
  2 draconian simulacra (IceCv)
  Crazy Yiuf (D:5)
  5 jellies
  27 orc wizards
  37 orc priests
  3 bullfrog skeletons
  8 centaur skeletons
  3 iron imps
  35 worker ants
  5 iguanas
  A spriggan simulacrum (IceCv)
  2 troll simulacra (IceCv)
  4 centaur simulacra (IceCv)
  2 hound zombies
  3 hound skeletons
  2 worker ant zombies (D:11)
  Robin (D:4)
  4 gnolls (D:9)
  An ogre simulacrum (IceCv)
  11 adders
  A river rat (D:8)
  3 shadow imps
  A white imp (Abyss:2)
  An ufetubus (Abyss:3)
  2 adder skeletons
  4 worms
  4 dart slugs
  6 leopard geckos
  117 orcs
  4 ball pythons
  3 giant cockroaches
  9 goblins
  4 hobgoblins (D:1)
  25 kobolds
  3 quokkas
  21 bats
  4 frilled lizards
  A kobold zombie (D:6)
  A quokka zombie (D:7)
  13 rats
  4 fungi
  5 plants
  A starspawn tentacle (Abyss:3)
1887 creatures vanquished.

Vanquished Creatures (collateral kills)
  The ghost of tijit the Severer, an adept FoAK of Lugonu (Vaults:4)
  Rupert (Lair:4)
  3 entropy weavers
  A deep elf annihilator (Vaults:1)
  A yaktaur captain (Vaults:1)
  2 orc high priests (Orc:2)
  3 dancing weapons (Elf:2)
  A sun demon (Orc:2)
  A deep elf knight (Elf:2)
  A sixfirhy (Orc:2)
  2 orc knights (Orc:2)
  4 orb spiders (Spider:4)
  A wolf spider (Spider:4)
  3 orc sorcerers (Orc:2)
  A yaktaur (Vaults:1)
  2 jumping spiders
  3 redbacks
  A tarantella (Spider:4)
  2 soldier ants (Spider:1)
  6 orc warriors (Orc:2)
  An orc priest (Orc:2)
  An orc wizard (Orc:2)
  3 worker ants (Spider:1)
  6 orcs (Orc:2)
51 creatures vanquished.

Vanquished Creatures (others)
  A shadow wraith (Vaults:4)
  2 deep elf archers (Elf:2)
  A wolf spider (Spider:4)
  3 boggarts
  A centaur (Vaults:1)
  34 fungi
  A lurking horror (Abyss:3)
  13 plants
  3 starspawn tentacles (Abyss:3)
59 creatures vanquished.

Grand Total: 1997 creatures vanquished

Notes
Turn   | Place    | Note
-------+----------+-------------------------------------------
     0 | D:1      | TheGoonsmith the Minotaur Berserker began the quest for the Orb.
     0 | D:1      | Reached XP level 1. HP: 19/19 MP: 0/0
   262 | D:1      | Reached skill level 4 in Axes
   480 | D:1      | Reached XP level 2. HP: 26/27 MP: 1/1
  1077 | D:2      | Found a burning altar of Makhleb.
  1321 | D:2      | Reached ** piety under Trog
  1321 | D:2      | Reached XP level 3. HP: 33/33 MP: 2/2
  1770 | D:3      | Reached skill level 5 in Axes
  1819 | D:3      | Found an opulent altar of Gozag.
  1842 | D:3      | Reached XP level 4. HP: 6/41 MP: 3/3
  2485 | D:4      | Noticed an ogre
  2491 | D:4      | Killed an ogre
  2491 | D:4      | Reached skill level 5 in Fighting
  2491 | D:4      | Reached skill level 6 in Axes
  2491 | D:4      | Reached XP level 5. HP: 48/48 MP: 4/4
  2536 | D:4      | Got a warped golden ring
  2579 | D:4      | Reached skill level 7 in Axes
  2633 | D:4      | Reached XP level 6. HP: 33/56 MP: 5/5
  2789 | D:4      | Found a white marble altar of Elyvilon.
  2872 | D:4      | Found Siogim's Book Emporium.
  3041 | D:4      | Noticed Robin
  3052 | D:4      | Killed Robin
  3052 | D:4      | Reached *** piety under Trog
  3567 | D:4      | Reached skill level 8 in Axes
  3785 | D:5      | Entered Level 5 of the Dungeon
  3852 | D:5      | Reached XP level 7. HP: 57/63 MP: 6/6
  3882 | D:5      | Noticed Grinder
  3902 | D:5      | Killed Grinder
  3902 | D:5      | Reached skill level 9 in Axes
  4064 | D:5      | Received a gift from Trog
  4254 | D:5      | Found a shadowy altar of Dithmenos.
  4280 | D:5      | Reached XP level 8. HP: 54/73 MP: 7/7
  4824 | D:5      | Found a runed door.
  4828 | D:5      | Noticed Crazy Yiuf
  4831 | D:5      | Killed Crazy Yiuf
  4831 | D:5      | Reached skill level 10 in Axes
  5321 | D:6      | Found a runed door.
  5329 | D:6      | Found a basalt altar of Yredelemnul.
  5430 | D:6      | Reached **** piety under Trog
  5430 | D:6      | Reached skill level 11 in Axes
  5624 | D:6      | Reached skill level 5 in Armour
  5917 | D:6      | Reached XP level 9. HP: 61/82 MP: 8/8
  6093 | D:6      | Found a sparkling altar of Nemelex Xobeh.
  6333 | D:7      | Reached skill level 12 in Axes
  6623 | D:7      | Found a staircase to the Ecumenical Temple.
  6991 | D:7      | Found Gacoe's Armour Boutique.
  7170 | D:7      | Identified the ring "Ryehoz" {Str+2 SInv Stlth-} (You found it on level 4 of the Dungeon)
  7465 | D:8      | Reached XP level 10. HP: 91/92 MP: 7/9
  7467 | D:8      | Reached skill level 13 in Axes
  7481 | D:8      | Found a basalt altar of Yredelemnul.
  7538 | D:8      | Noticed Grum
  7546 | D:8      | Killed Grum
  7547 | D:8      | Reached skill level 10 in Fighting
  7616 | D:8      | Reached ***** piety under Trog
  7666 | D:8      | Received a gift from Trog
  7954 | D:8      | Found a staircase to the Lair.
  8037 | D:8      | Found a snail-covered altar of Cheibriados.
  8439 | D:8      | Reached skill level 14 in Axes
  8514 | D:9      | Noticed Erica
  8523 | D:9      | Killed Erica
  8738 | D:9      | Found Zitwinle's Weapon Boutique.
  8906 | D:9      | Found a staircase to the Orcish Mines.
  9315 | D:10     | Entered Level 10 of the Dungeon
  9334 | D:10     | Reached XP level 11. HP: 94/102 MP: 8/10
  9370 | D:10     | Noticed Psyche
  9380 | D:10     | Killed Psyche
  9411 | D:10     | Found a shadowy altar of Dithmenos.
  9490 | D:10     | Noticed Magifyre's ghost (journeyman TrFi)
  9499 | D:10     | Killed Magifyre's ghost
  9620 | D:10     | Reached skill level 15 in Axes
  9666 | D:10     | Noticed Josephine
  9676 | D:10     | Killed Josephine
  9684 | D:10     | Noticed a deep elf mage
  9688 | D:10     | Reached skill level 10 in Armour
  9702 | D:10     | Killed a deep elf mage
  9790 | D:10     | Received a gift from Trog
  9800 | D:10     | Got a crude battleaxe {god gift}
  9801 | D:10     | Identified the +3 battleaxe of Summer {chop, Int+6} (Trog gifted it to you on level 10 of the Dungeon)
  9952 | D:10     | Noticed Maurice
  9953 | D:10     | Noticed Nergalle
  9961 | D:10     | Killed Maurice
  9967 | D:10     | Killed Nergalle
 10220 | D:11     | Reached skill level 16 in Axes
 10249 | D:11     | Noticed a five-headed hydra
 10256 | D:11     | Killed a six-headed hydra
 10598 | D:11     | Reached XP level 12. HP: 112/112 MP: 11/11
 10885 | Lair:1   | Entered Level 1 of the Lair of Beasts
 11373 | Lair:1   | Noticed an ice dragon
 11388 | Lair:1   | Killed an ice dragon
 11393 | Lair:1   | Noticed Harold
 11396 | Lair:1   | Reached skill level 17 in Axes
 11410 | Lair:1   | HP: 3/113 [Harold/bolt of fire (25)]
 12117 | Lair:1   | HP: 5/115 [Harold/bolt of fire (24)]
 12121 | Lair:1   | Killed Harold
 12423 | Lair:2   | Noticed a six-headed hydra
 12429 | Lair:2   | Killed a four-headed hydra
 12985 | Lair:2   | Received a gift from Trog
 13270 | Lair:2   | Noticed a death yak
 13271 | Lair:2   | Noticed a death yak
 13272 | Lair:2   | Noticed a death yak
 13272 | Lair:2   | Noticed a death yak
 13279 | Lair:2   | Killed a death yak
 13283 | Lair:2   | Killed a death yak
 13285 | Lair:2   | Killed a death yak
 13285 | Lair:2   | Reached skill level 18 in Axes
 13285 | Lair:2   | Reached XP level 13. HP: 123/123 MP: 10/12
 13577 | Lair:2   | Identified a scroll of acquirement
 13967 | Lair:3   | Found a staircase to the Swamp.
 14765 | Lair:4   | Noticed Rupert
 14773 | Lair:4   | Killed Rupert
 15209 | Lair:4   | Found a hole to the Spider Nest.
 15217 | Lair:4   | Reached skill level 1 in Evocations
 15972 | Lair:5   | Found a viscous altar of Jiyva.
 15972 | Lair:5   | Found a staircase to the Slime Pits.
 16221 | Lair:6   | Entered Level 6 of the Lair of Beasts
 16339 | Lair:6   | Reached skill level 19 in Axes
 16440 | Lair:6   | Noticed Snorg
 16447 | Lair:6   | Killed Snorg
 16855 | Lair:6   | Reached XP level 14. HP: 133/133 MP: 15/15
 17059 | Lair:6   | Reached ****** piety under Trog
 17186 | Lair:6   | Reached skill level 15 in Fighting
 17849 | Orc:1    | Entered Level 1 of the Orcish Mines
 17876 | Orc:1    | Received a gift from Trog
 18274 | Orc:2    | Entered Level 2 of the Orcish Mines
 18323 | Orc:2    | Found a frozen archway.
 18342 | IceCv    | Entered an ice cave
 18838 | IceCv    | Reached skill level 20 in Axes
 19364 | Orc:2    | Noticed Donald
 19377 | Orc:2    | Killed Donald
 19504 | Orc:1    | Reached skill level 5 in Evocations
 19506 | Orc:1    | Found a roughly hewn altar of Beogh.
 19703 | Orc:2    | Noticed Sonja
 19717 | Orc:2    | Killed Sonja
 19747 | Orc:2    | Noticed Ryco's ghost (novice MiBe)
 19753 | Orc:2    | Killed Ryco's ghost
 19757 | Orc:2    | Received a gift from Trog
 20057 | Orc:2    | Found a staircase to the Elven Halls.
 20284 | Orc:2    | Noticed Nessos
 20311 | Orc:2    | Killed Nessos
 20933 | Orc:2    | Found Quqofyshai's Food Shoppe.
 20937 | Orc:2    | Found Qyentis's Magic Scroll Emporium.
 21917 | Orc:2    | Reached XP level 15. HP: 124/143 MP: 15/18
 22016 | Orc:2    | Found Min Odghioku's Gadget Shop.
 22016 | Orc:2    | Found a one-way gate leading to the halls of Pandemonium.
 22016 | Orc:2    | Found Utunaz's Antique Armour Boutique.
 22020 | Orc:2    | Bought a runed plate armour for 638 gold pieces
 22059 | Orc:2    | Bought a scroll of teleportation for 45 gold pieces
 22059 | Orc:2    | Bought a scroll of blinking for 112 gold pieces
 22059 | Orc:2    | Bought a scroll of teleportation for 45 gold pieces
 22059 | Orc:2    | Bought a scroll of identify for 30 gold pieces
 22059 | Orc:2    | Bought a scroll of fear for 52 gold pieces
 22059 | Orc:2    | Bought a scroll of enchant armour for 112 gold pieces
 22059 | Orc:2    | Bought a scroll of magic mapping for 52 gold pieces
 22059 | Orc:2    | Bought a scroll of enchant armour for 112 gold pieces
 22059 | Orc:2    | Bought a scroll of acquirement for 780 gold pieces
 22066 | Orc:2    | Got a heavily runed platinum ring
 22067 | Orc:2    | Identified the ring of Butor {rF- rC+ rN+++ Str+3 Dex+4} (You acquired it on level 2 of the Orcish Mines)
 22847 | D:12     | Received a gift from Trog
 23228 | D:13     | Reached skill level 15 in Armour
 23477 | D:13     | Gained mutation: You possess an exceptional clarity of mind. [potion of beneficial mutation]
 23572 | D:13     | Reached skill level 21 in Axes
 24115 | D:14     | Received a gift from Trog
 24158 | D:14     | Found Ilivues's Antique Weapon Shoppe.
 24307 | D:14     | HP: 7/144 [ettin/dire flail (19)]
 24505 | D:14     | Found a gate to the Vaults.
 24619 | D:14     | Found a sacrificial altar of Ru.
 25059 | D:14     | Found a portal to a secret trove of treasure.
 25151 | D:15     | Entered Level 15 of the Dungeon
 25845 | D:15     | Received a gift from Trog
 26440 | D:15     | Found a staircase to the Depths.
 26860 | Spider:1 | Entered Level 1 of the Spider Nest
 26869 | Spider:1 | Reached XP level 16. HP: 143/152 MP: 17/20
 28228 | Spider:2 | Received a gift from Trog
 28234 | Spider:2 | Reached skill level 22 in Axes
 29248 | Spider:2 | Got a pair of pitted gloves
 29249 | Spider:2 | Identified the +1 pair of gloves of the Hidden Wishes {+Inv Str-5 Int+2} (You found it on level 2 of the Spider Nest)
 30053 | Spider:3 | Received a gift from Trog
 30312 | Spider:4 | Entered Level 4 of the Spider Nest
 30798 | Spider:3 | Reached XP level 17. HP: 37/162 MP: 14/22
 31364 | Spider:4 | Reached skill level 23 in Axes
 34071 | Spider:4 | Got a gossamer rune of Zot
 34384 | Swamp:1  | Entered Level 1 of the Swamp
 35307 | Swamp:1  | Reached skill level 10 in Evocations
 35438 | Swamp:1  | Received a gift from Trog
 35742 | Swamp:2  | Found a white marble altar of Elyvilon.
 36689 | Swamp:3  | Reached skill level 24 in Axes
 36700 | Swamp:3  | Received a gift from Trog
 37503 | Swamp:4  | Entered Level 4 of the Swamp
 37919 | Swamp:4  | Reached XP level 18. HP: 157/172 MP: 20/24
 38538 | Swamp:3  | Received a gift from Trog
 38736 | Swamp:4  | Noticed a tentacled monstrosity
 38754 | Swamp:4  | HP: 3/172 [very large slime creature (43)]
 39308 | Swamp:4  | Reached skill level 25 in Axes
 39322 | Swamp:4  | Killed a tentacled monstrosity
 39937 | Swamp:4  | Got a decaying rune of Zot
 40384 | Vaults:1 | Entered Level 1 of the Vaults
 41135 | Vaults:1 | Reached skill level 26 in Axes
 41524 | Vaults:1 | Received a gift from Trog
 42358 | Vaults:2 | Noticed Sojobo
 42375 | Vaults:2 | Killed Sojobo
 42375 | Vaults:2 | Reached skill level 5 in Dodging
 42375 | Vaults:2 | Reached XP level 19. HP: 180/180 MP: 25/25
 42464 | Vaults:2 | Noticed Nikola
 42473 | Vaults:2 | Killed Nikola
 42838 | Vaults:2 | Received a gift from Trog
 43475 | Vaults:2 | Found a staircase to the Crypt.
 43769 | Vaults:2 | Found a gateway to a bazaar.
 43776 | Bazaar   | Entered a bazaar
 43796 | Bazaar   | Found Figair's Weapon Shop.
 43809 | Bazaar   | Found Huniuci's Magic Scroll Boutique.
 43809 | Bazaar   | Found Kist's Book Shop.
 43843 | Bazaar   | Found Jintom's Assorted Antiques.
 43849 | Bazaar   | Bought a sack of spiders for 660 gold pieces
 43849 | Bazaar   | Bought a brightly glowing hat for 297 gold pieces
 43861 | Bazaar   | Bought a scroll of identify for 66 gold pieces
 43880 | Bazaar   | Bought a scroll of identify for 30 gold pieces
 43880 | Bazaar   | Bought a scroll of identify for 30 gold pieces
 43880 | Bazaar   | Bought a scroll of teleportation for 45 gold pieces
 43880 | Bazaar   | Bought a scroll of teleportation for 45 gold pieces
 43880 | Bazaar   | Bought a scroll of identify for 30 gold pieces
 43880 | Bazaar   | Bought a scroll of identify for 30 gold pieces
 44014 | Vaults:2 | Identified the cursed -2 hat of the Suburbs {Regen+ Dex+5} (You bought it in a shop in a bazaar)
 44076 | Vaults:2 | Noticed Margery
 44096 | Vaults:2 | Killed Margery
 44372 | Vaults:2 | Received a gift from Trog
 44745 | Vaults:3 | Found Bawengup's Antique Armour Shoppe.
 44820 | Vaults:3 | Reached skill level 10 in Dodging
 44982 | Vaults:3 | Received a gift from Trog
 45099 | Vaults:3 | Reached XP level 20. HP: 168/192 MP: 23/26
 45413 | Vaults:3 | Received a gift from Trog
 46061 | Vaults:4 | Noticed tijit's ghost (adept FoAK)
 46071 | Vaults:4 | Killed tijit's ghost
 46611 | Vaults:4 | Received a gift from Trog
 47489 | Elf:1    | Entered Level 1 of the Elven Halls
 47493 | Elf:1    | Noticed hoot's ghost (journeyman HaHu)
 47515 | Elf:1    | Killed hoot's ghost
 48030 | Elf:1    | Received a gift from Trog
 48066 | Elf:1    | Found Qerch's Assorted Antiques.
 48092 | Elf:1    | Bought a scroll of teleportation for 60 gold pieces
 48092 | Elf:1    | Bought a sack of spiders for 400 gold pieces
 48092 | Elf:1    | Bought a scroll labeled TODEIT ASSAC for 20 gold pieces
 48092 | Elf:1    | Bought a scroll of identify for 40 gold pieces
 48092 | Elf:1    | Bought a scroll of identify for 40 gold pieces
 48649 | Elf:1    | Received a gift from Trog
 48851 | Elf:2    | Cast into level 2 of the Abyss (a deep elf demonologist)
 48983 | Abyss:2  | Reached XP level 21. HP: 164/201 MP: 27/27
 49059 | Abyss:2  | Paralysed by accursed screaming for 1 turns
 49061 | Abyss:2  | Gained mutation: Your spells are a little easier to cast, but a little less powerful. [a neqoxec]
 49064 | Abyss:2  | HP: 7/202 [starcursed mass/accursed screaming (12)]
 49067 | Abyss:2  | Gained mutation: Your spells are easier to cast, but less powerful. [a neqoxec]
 49078 | Abyss:2  | HP: 10/202 [starcursed mass/accursed screaming (5)]
 49227 | Abyss:2  | HP: 7/202 [lich/crystal spear (17)]
 49229 | Abyss:2  | Received a gift from Trog
 49268 | Abyss:2  | Paralysed by accursed screaming for 2 turns
 49270 | Elf:2    | Escaped the Abyss
 49468 | Elf:2    | Cast into level 3 of the Abyss (a deep elf demonologist)
 49688 | Abyss:3  | Reached skill level 15 in Dodging
 49830 | Elf:2    | Escaped the Abyss
 50573 | Elf:2    | Got a translucent double sword
 50579 | Elf:2    | Identified the +7 double sword of Tades {slice, *Rage +Blink +Fly rElec} (You found it on level 2 of the Elven Halls)
 50633 | Elf:2    | Found a huge runed gate.
 50633 | Elf:2    | Found a huge runed gate.
 50633 | Elf:2    | Found a huge runed gate.
 50633 | Elf:2    | Found a huge runed gate.
 50633 | Elf:2    | Found a huge runed gate.
 50714 | Elf:2    | Received a gift from Trog
 50774 | Elf:2    | Noticed Roxanne
 50783 | Elf:2    | Killed Roxanne
 51579 | Elf:3    | Entered Level 3 of the Elven Halls
 51631 | Elf:3    | Found Aczas's Elven Fire.
 51640 | Elf:3    | Received a gift from Trog
 52188 | Elf:3    | HP: 9/204 [acid (17)]
 52195 | Elf:3    | HP: 2/204 [acid (11)]
 52207 | Elf:3    | HP: 4/205 [deep elf knight/stone arrow (25)]
 52214 | Elf:3    | Received a gift from Trog
 52799 | Elf:3    | HP: 4/205 [deep elf annihilator/iron shot (22)]
 52799 | Elf:3    | HP: 1/205 [deep elf archer/arrow (3)]
 52803 | Elf:3    | Killed from afar by a deep elf annihilator

Vault maps used:
D:1:      saegor_arrival_miasma
D:2:      lemuel_crystal_altar
D:3:      cheibrodos_helix_gallery,
          nicolae_gozag_cash_rules_everything_around_me,
          hangedman_abyss_or_decor_lesser_grid
D:4:      lemuel_doored_altar, serial_shops,
          nicolae_shop_competitors_out_of_business, minmay_misc_feat_doors,
          uniq_robin
D:5:      kennysheep_mini, first_bread, uniq_crazy_yiuf_cottage, uniq_grinder
D:6:      kennysheep_mini_moat, dk_yredelemnul_ordeal
D:7:      hangedman_cross_stitches, serial_shops, shop
D:8:      slow_altar_1, kennysheep_little_box, grunt_lair_entry_orc_guard_hut,
          uniq_grum
D:9:      orc_0_dummy, serial_shops, shop, uniq_erica
D:10:     basic_altar, grunt_livestock, roderic_batcave, minmay_misc_feat_chi,
          minmay_misc_feat_tower, minmay_checkerbox, uniq_maurice, uniq_psyche,
          uniq_nergalle, uniq_josephine
D:14:     david_vaults_4, nicolae_trove_entry_columns,
          nicolae_ru_the_path_less_chosen, serial_shops, nicolae_shop_crystal
D:15:     grunt_enter_depths_snipers, roderic_chinese_pattern_swastika,
          serial_column_ruins, column_ruins_grid_3, column_ruins_open_small,
          column_ruins_open_small, column_ruins_open_tiny_water
Lair:1:   st_stairs_12, minmay_guarded_unrand_chilly_death, lemuel_fruit_tree,
          serial_bayou_shore_a, serial_bayou_shore_b, uniq_harold
Lair:2:   beast_lair_carwin_8, serial_bayou_shore_b, grunt_megastairs_3,
          bh_autumn_forest_stairs, lemuel_fruit_fields
Lair:3:   swamp_mist
Lair:4:   spider_nest_entry_funnel_web, uniq_rupert
Lair:5:   slime_altar_1, grunt_megastairs_4
Lair:6:   minmay_lair_end_enchanted_forest, uniq_snorg
Swamp:1:  hangedman_swamp_blocks
Swamp:2:  evilmike_swamp_ruin_house_1, nicolae_swamp_godswood
Swamp:3:  nicolae_swamp_very_dense_foliage, swamp_pool5,
          nicolae_swamp_dense_foliage
Swamp:4:  swamp_vile, swamp_pool1, infiniplex_staircase_pool
Spider:1: minmay_another_anthill
Spider:2: einodemon_crawler_minivault
Spider:3: nicolae_crawler_farm
Spider:4: grunt_spider_rune_circles
Orc:1:    basic_altar
Orc:2:    pf_orc_diabolical, portal_ice_cave_entry_pillars_1, uniq_sonja,
          uniq_nessos, uniq_donald
Elf:1:    eino_elf_arrival_shootout, serial_shops, shop, hangedman_elf_disciples
Elf:2:    uniq_roxanne
Elf:3:    minmay_elf_hall_spiked, guppyfry_elf_lava
Vaults:1: v_misc_24, v_misc_28, nicolae_vaults_little_squares_1, v_misc_1,
          nicolae_vaults_yaktaur_gun_rack, v_pattern_5, vaults_room_glass_cross,
          vaults_room_grunt_arrival_ludios, v_misc_29,
          ontoclasm_vaults_decontamination, v_misc_25
Vaults:2: nicolae_vaults_good_morning_starshine,
          minmay_crypt_entry_simple_walls, vaults_room_door_ring,
          nicolae_vaults_windows_and_doors_thing, hangedman_vaults_maws,
          v_alt_pattern_2, v_misc_2, vaults_room_pools, v_alt_pattern_2,
          dpeg_vaults_monster_box, serial_shops, statue_bzr, uniq_sojobo,
          uniq_nikola, uniq_margery
Vaults:3: v_misc_2, v_alt_pattern_3, hangedman_vaults_maws, v_misc_13,
          vaults_room_pools, nicolae_vaults_mini_display_case,
          ontoclasm_vaults_twist, ontoclasm_vaults_spin, hangedman_vaults_trim,
          hangedman_vaults_slither, serial_shops, shop
Vaults:4: nicolae_vaults_branching_niches, hangedman_vaults_impose,
          hangedman_vaults_cutoff, vaults_mumra_minichess,
          nicolae_vaults_diagonal_hallway_7, stair_cage_open,
          ontoclasm_vaults_claustrophobia, ontoclasm_vaults_shuriken,
          nicolae_vaults_little_squares_2, grunt_vaults_hallway_long,
          vaults_room_semicircle
Bazaar:   bazaar_jpeg_honeycomb
IceCv:    ice_cave_tombish

Skill      XL: |  1  2  3  4  5  6  7  8  9 10 11 12 13 14 15 16 17 18 19 20 21 |
---------------+----------------------------------------------------------------+-----
Axes           | 4 5 6 7 8 9 11 12 14 16 18 19 20 21 22 24 26 | 26.0
Fighting       | 4 5 6 7 8 9 11 12 13 14 15 16 17 18 19 20 21 | 21.5
Armour         | 3 5 7 9 10 12 13 14 15 16 17 18 19 21 | 21.0
Evocations     | 3 5 7 9 10 | 10.0
Dodging        | 5 10 14 16 | 16.4

Action                   |  1- 3 |  4- 6 |  7- 9 | 10-12 | 13-15 | 16-18 | 19-21 || total
-------------------------+-------+-------+-------+-------+-------+-------+-------++-------
Melee: Hand axe          |    94 |   127 |   315 |       |       |       |       ||   536
       Headbutt          |    13 |    24 |    89 |   139 |   257 |   307 |   378 ||  1207
       War axe           |       |       |    35 |    71 |       |       |       ||   106
       Broad axe         |       |       |       |   208 |    24 |    98 |       ||   330
       Battleaxe         |       |       |       |   241 |    59 |       |       ||   300
       Executioner's axe |       |       |       |       |   892 |  1213 |  1359 ||  3464
Throw: Tomahawk          |       |       |       |     5 |       |       |       ||     5
Invok: Berserk           |     1 |     3 |     4 |     6 |     8 |     7 |     3 ||    32
       Trog's Hand       |     1 |       |       |     3 |     3 |     4 |     5 ||    16
       Burn Spellbooks   |       |       |     1 |     1 |     1 |     2 |     5 ||    10
       Brothers in Arms  |       |       |       |       |     6 |     6 |     2 ||    14
Evoke: Wand              |       |       |       |       |     5 |     5 |     9 ||    19
  Use: Scroll            |       |       |    19 |     6 |    19 |    15 |    10 ||    69
       Potion            |       |       |       |     4 |     3 |     8 |     7 ||    22
 Stab: Distracted        |       |       |       |       |     1 |     2 |     3 ||     6
       Confused          |       |       |       |       |       |     1 |       ||     1
       Held in net/web   |       |       |       |       |       |     1 |       ||     1
  Eat: Chunk             |     2 |     9 |    15 |    20 |    40 |    26 |    30 ||   142
       Royal jelly       |       |     1 |       |       |       |       |     1 ||     2
       Meat ration       |       |       |       |     1 |     1 |     2 |     1 ||     5
       Bread ration      |       |       |       |       |     3 |     4 |       ||     7
       Pizza             |       |       |       |       |     1 |       |       ||     1
       Fruit             |       |       |       |       |       |     6 |     2 ||     8
       Beef jerky        |       |       |       |       |       |     2 |       ||     2
Armor: Animal skin       |     3 |       |       |       |       |       |       ||     3
       Scale mail        |    25 |    33 |     7 |       |       |       |       ||    65
       Chain mail        |       |       |    80 |       |       |       |       ||    80
       Plate armour      |       |       |    82 |   345 |   839 |  1137 |   585 ||  2988
       Swamp dragon scal |       |       |       |       |       |   244 |       ||   244
Dodge: Dodged            |    66 |    36 |   108 |   191 |   464 |   707 |   647 ||  2219
Block: Other             |       |       |       |       |       |    48 |   195 ||   243
       Reflection        |       |       |       |       |       |     9 |    36 ||    45
